 Dungeon Crawl Stone Soup version 0.31.0-1-g2c135a008e (webtiles) character file.

Game seed: 7700122988444766432

338 qw the Ducker (level 6, -3/46 HPs)
             Began as a Djinni Hunter on Jan 23, 2024.
             Was an Initiate of Okawaru.
             Slain by a gnoll
             ... wielding a +0 halberd
             ... led by a gnoll bouda
              (11 damage)
             ... on level 4 of the Dungeon.
             The game lasted 00:00:09 (2545 turns).

qw the Ducker (Djinni Hunter)                       Turns: 2545, Time: 00:00:10

Health: -3/46      AC:  6    Str: 10    XL:     6   Next: 85%
Gold:   114        EV: 12    Int: 11    God:    Okawaru [......] SH:  0 Dex: 18

rFire   + + .        b - +0 orcbow
rCold   x . .        (shield currently unavailable)
rNeg    . . .        f - +0 ring mail
rPois   inf          (no helmet)
rElec   .            g - +0 cloak
rCorr   .            (no gloves)
SInv    .            (boots unavailable)
Will    .....        (no amulet)
Stlth   +            (no ring)
HPRegen 0.27/turn    (no ring)
MPRegen 0.00/turn

%: infuse magic (-4 HP)
@: about to teleport, flying
A: sickness immunity, fire resistance 2, cold vulnerability 1, float, innate
caster, HP casting, extra vitality 1
a: Renounce Religion


You were on level 4 of the Dungeon.
You worshipped Okawaru.
Okawaru was noncommittal.
You visited 1 branch of the dungeon, and saw 4 of its levels.

You collected 177 gold pieces.
You spent 63 gold pieces at shops.


Innate Abilities, Weirdness & Mutations

You are immune to sickness and miasma.
You are immune to poison.
Your flesh is very heat resistant. (rF++)
You are vulnerable to cold. (rC-)
You float through the air rather than walking.
You learn spells naturally, not from books.
Your magical power is your life essence.
You have superior vitality. (+4 MHP)


   Skills:
 - Level 3.1 Fighting
 + Level 4.5 Ranged Weapons
 - Level 1.0 Armour
 - Level 5.3 Dodging
 - Level 0.7 Stealth


You knew the following spells:

 Your Spells              Type           Power      Damage    Failure   Level
a - Magic Dart            Conj           0%         1d3       65%         1
b - Scorch                Fire           0%         2d5       80%         2
Your spell library was empty.

Inventory:

Hand Weapons
 b - a +0 orcbow (weapon)
Armour
 f - a +0 ring mail (worn)
 g - a +0 cloak (worn)
Wands
 a - a wand of roots (2)
Scrolls
 d - a scroll of identify
 h - a scroll of teleportation
Potions
 c - a potion of haste

Dungeon Overview and Level Annotations

Branches:
Dungeon (4/15)
 Temple: D:4-7

Altars:
Okawaru

Shops:
D:3 (


Message History

A gnoll comes into view. It is wielding a +0 flail.
The gnoll hits you with a +0 halberd.
The gnoll bouda barks out a call to the hunt!
The gnolls pick up the pace!
You shoot an arrow.
The arrow barely misses the gnoll bouda.
The gnoll closely misses you.
You shoot an arrow.
The arrow closely misses the gnoll bouda.
The gnoll closely misses you. The gnoll bouda barely misses you.
The gnoll hits you with a +0 flail. The gnoll closely misses you.
You shoot an arrow. The arrow hits the gnoll bouda!
The gnoll bouda is severely wounded.
The gnoll barely misses you. The gnoll bouda barely misses you.
The gnoll closely misses you. x2; The gnoll bouda barely misses you.
The gnoll closely misses you.
You shoot an arrow.
The arrow barely misses the gnoll bouda.
The gnoll hits you with a +0 flail. The gnoll completely misses you.
The gnoll hits you with a +0 halberd!
The gnoll bouda gazes fiercely through you!
You feel your attacks grow feeble.
The gnoll bouda hits you with a +0 whip!
The gnoll hits you with a +0 flail.
You shoot an arrow.
The arrow hits the gnoll bouda but does no damage.
The gnoll bouda is severely wounded.
The gnoll misses you. x2
The gnoll bouda hits you with a +0 whip.
The gnoll barely misses you. The gnoll hits you with a +0 flail.
2544 ||| READING 2 scrolls of teleportation.
As you read the scroll of teleportation, it crumbles to dust.
You feel strangely unstable. The gnoll hits you with a +0 halberd.
The gnoll bouda barely misses you. The gnoll barely misses you.
The gnoll closely misses you.
You shoot an arrow. The arrow hits the gnoll bouda.
The gnoll bouda is almost dead.
Your attacks no longer feel as feeble.
The gnoll hits you with a +0 halberd!
You die...

# # #.
#..#)######
#...ggg..#
#@# #g# #.#
#.# #.# #.#
.#. # #


You could see a gnoll bouda and 3 gnolls.

Vanquished Creatures
  Sigmund (D:2)
  Jessica (D:2)
  An orc wizard (D:3)
  2 adders
  2 ufetubi (D:3)
  4 dart slugs
  2 ribbon worms
  2 orcs (D:3)
  5 bats
  6 endoplasms
  2 giant cockroaches
  10 goblins
  5 hobgoblins
  5 kobolds
  3 quokkas
  11 ball pythons
  3 frilled lizards
  5 rats
70 creatures vanquished.

Notes
Turn   | Place    | Note
-------+----------+-------------------------------------------
     0 | D:1      | qw the Djinni Hunter began the quest for the Orb.
     0 | D:1      | Reached XP level 1. HP: 18/18 MP: 0/0
     0 | D:1      | 0 ||| qw: Version: 0.3-a-135-gb77e89d
     0 | D:1      | 0 ||| qw: Game counter: 923
     0 | D:1      | 0 ||| qw: Melee chars always use a shield: true
     0 | D:1      | 0 ||| qw: God list: Okawaru
     0 | D:1      | 0 ||| qw: Allow faded altars: false
     0 | D:1      | 0 ||| qw: Do Orc after clearing Dungeon:15 true
     0 | D:1      | 0 ||| qw: Do second Lair branch before Depths: true
     0 | D:1      | 0 ||| qw: Lair rune preference: random
     0 | D:1      | 0 ||| qw: Goals: Normal
     0 | D:1      | 0 ||| PLANNING D:1-11
    69 | D:1      | Reached XP level 2. HP: 17/23 MP: 0/0
   344 | D:1      | Reached XP level 3. HP: 28/28 MP: 0/0
   344 | D:1      | Learned a level 1 spell: Magic Dart
   874 | D:1      | 874 ||| DROPPING +6 ring of intelligence.
   875 | D:1      | 875 ||| READING 4 scrolls labelled QEYPHA OCIE.
   976 | D:1      | 976 ||| READING 4 scrolls labelled ZITEIRR ELOAL.
   976 | D:1      | 976 ||| IDENTIFYING scroll labelled ENAENA VULIQE
   977 | D:1      | 977 ||| READING 3 scrolls of identify.
   977 | D:1      | 977 ||| IDENTIFYING scroll labelled TUNIUQAPOA
   978 | D:1      | 978 ||| DROPPING scroll of butterflies.
   979 | D:1      | 979 ||| DROPPING 3 scrolls of vulnerability.
   980 | D:1      | 980 ||| DROPPING scroll of torment.
  1090 | D:2      | Reached skill level 3 in Fighting
  1090 | D:2      | Reached XP level 4. HP: 35/35 MP: 0/0
  1157 | D:2      | Noticed Sigmund
  1167 | D:2      | Killed Sigmund
  1168 | D:2      | Reached skill level 5 in Dodging
  1168 | D:2      | Reached XP level 5. HP: 26/40 MP: 0/0
  1168 | D:2      | Learned a level 2 spell: Scorch
  1168 | D:2      | Reached XP level 6. HP: 30/46 MP: 0/0
  1240 | D:2      | Noticed Jessica
  1244 | D:2      | Killed Jessica
  1321 | D:2      | 1321 ||| FLEEEEING.
  1657 | D:2      | 1657 ||| UPGRADING to +0 ring mail.
  1667 | D:2      | 1667 ||| DROPPING +0 leather armour.
  1668 | D:2      | 1668 ||| UPGRADING to +0 cloak.
  1673 | D:2      | 1673 ||| READING 2 scrolls of identify.
  1673 | D:2      | 1673 ||| IDENTIFYING fizzy white potion
  1674 | D:2      | 1674 ||| READING scroll of identify.
  1674 | D:2      | 1674 ||| IDENTIFYING fizzy coppery potion
  1675 | D:2      | 1675 ||| READING scroll labelled VENUUGO FOGH.
  1676 | D:2      | 1676 ||| DROPPING potion of lignification.
  1761 | D:3      | Found an iron altar of Okawaru.
  1762 | D:3      | 1762 ||| PLANNING OKAWARU WORSHIP
  1762 | D:3      | 1762 ||| READING 2 scrolls of identify.
  1762 | D:3      | 1762 ||| IDENTIFYING blue potion
  1763 | D:3      | 1763 ||| READING scroll of identify.
  1763 | D:3      | 1763 ||| IDENTIFYING fizzy puce potion
  1764 | D:3      | 1764 ||| DROPPING potion of attraction.
  1771 | D:3      | Became a worshipper of Warmaster Okawaru
  1772 | D:3      | 1772 ||| PLANNING D:1-11
  2016 | D:3      | Reached skill level 1 in Armour
  2087 | D:3      | 2087 ||| FLEEEEING.
  2088 | D:3      | 2088 ||| FLEEEEING.
  2089 | D:3      | 2089 ||| FLEEEEING.
  2090 | D:3      | 2090 ||| FLEEEEING.
  2091 | D:3      | 2091 ||| FLEEEEING.
  2094 | D:3      | 2094 ||| FLEEEEING.
  2095 | D:3      | 2095 ||| FLEEEEING.
  2096 | D:3      | 2096 ||| FLEEEEING.
  2097 | D:3      | 2097 ||| FLEEEEING.
  2098 | D:3      | 2098 ||| FLEEEEING.
  2099 | D:3      | 2099 ||| FLEEEEING.
  2100 | D:3      | 2100 ||| FLEEEEING.
  2101 | D:3      | 2101 ||| FLEEEEING.
  2102 | D:3      | 2102 ||| FLEEEEING.
  2103 | D:3      | 2103 ||| FLEEEEING.
  2104 | D:3      | 2104 ||| FLEEEEING.
  2106 | D:3      | 2106 ||| FLEEEEING.
  2107 | D:3      | 2107 ||| STAIRDANCE
  2145 | D:2      | 2145 ||| READING 2 scrolls of identify.
  2145 | D:2      | 2145 ||| IDENTIFYING viscous ruby potion
  2146 | D:2      | 2146 ||| DROPPING potion of degeneration.
  2155 | D:3      | 2155 ||| STAIRDANCE
  2157 | D:2      | 2157 ||| DRINKING potion of curing.
  2157 | D:2      | 2157 ||| (to cure confusion)
  2161 | D:3      | 2161 ||| Stepping randomly (disturbance).
  2376 | D:3      | Found Giucot's Antique Weapon Emporium.
  2392 | D:3      | 2392 ||| BUYING orcbow (63 gold).
  2392 | D:3      | Bought an orcbow for 63 gold pieces
  2392 | D:3      | 2392 ||| SWAPPING to +0 orcbow.
  2393 | D:3      | 2393 ||| DROPPING +0 shortbow.
  2543 | D:4      | HP: 11/46 [gnoll bouda/+0 whip (2)]
  2544 | D:4      | 2544 ||| READING 2 scrolls of teleportation.
  2545 | D:4      | Slain by a gnoll

Levels and vault maps discovered:
D:1:      lemuel_arrival_cross, layout_basic, hangedman_decor_push,
          minmay_pentomino_o4
D:2:      layout_loops_ring, uniq_sigmund, uniq_jessica
D:3:      layout_loops_ring, lemuel_round_altar, serial_shops,
          nicolae_shop_tiny_glass, st_stairs_8
D:4:      layout_loops_ring, nicolae_ru_great_annihilating_truth,
          kiku_gazebo_garden_becter, minmay_temple_entry_hall, minmay_puff

Skill      XL: |  1  2  3  4  5  6 |
---------------+-------------------+-----
Ranged Weapons | 4 |  4.5
Fighting       | 3 |  3.1
Dodging        | 5 |  5.3
Armour         | 1 |  1.0
Stealth        | |  0.7

Action                     |  1- 3 |  4- 6 || total
---------------------------+-------+-------++-------
   Fire: Shortbow          |    95 |   119 ||   214
         Orcbow            |       |     6 ||     6
    Use: Scroll            |     3 |     7 ||    10
         Potion            |       |     1 ||     1
 Armour: Leather armour    |    21 |     8 ||    29
         Ring mail         |       |    37 ||    37
  Dodge: Dodged            |    35 |    66 ||   101

Table legend:
 A = Non-vault XP
 B = Vault XP
 C = Vault XP percentage of total XP
 D = Non-vault monster count
 E = Vault monster count
 F = Vault count percentage of total count
                 A         B        C        D         E       F
            +---------+---------+-------+---------+---------+-------
      Total |     196 |     287 |  59.4 |      64 |       6 |   8.6
            +---------+---------+-------+---------+---------+-------
        D:1 |      52 |       5 |   8.8 |      28 |       3 |   9.7
        D:2 |      48 |     280 |  85.4 |      18 |       2 |  10.0
        D:3 |      96 |       2 |   2.0 |      18 |       1 |   5.3
            +---------+---------+-------+---------+---------+-------
